 Dungeon Crawl Stone Soup version 0.25.1-9-gc5326a611f (webtiles) character file.

Game seed: 6924678543766525108

669 Clowwww the Chopper (level 7, -2/79 HPs)
             Began as a Demonspawn Fighter on Jan 3, 2021.
             Slain by lysyklops's ghost (4 damage)
             ... on level 4 of the Dungeon.
             The game lasted 00:08:53 (4104 turns).

Clowwww the Chopper (Demonspawn Fighter)            Turns: 4104, Time: 00:08:54

Health: -2/79      AC: 23    Str: 18    XL:     7   Next: 32%
Magic:  7/7        EV:  2    Int: 10    God:
Gold:   228        SH:  9    Dex: 12    Spells: 6/6 levels left

rFire    . . .     SeeInvis .   a - +0 war axe
rCold    . . .     Gourm    .   c - +0 kite shield
rNeg     + + +     Faith    .   (armour currently unavailable)
rPois    +         Spirit   .   (helmet currently unavailable)
rElec    .         Reflect  .   (cloak currently unavailable)
rCorr    .         Harm     .   (gloves currently unavailable)
MR       .....     NoTele   +   (boots currently unavailable)
Stlth    +.........             (no amulet)
HPRegen  0.23/turn              (no ring)
MPRegen  0.10/turn              (no ring)

@: mighty, tree-form (expiring)
A: demonic guardian 1, freezing cloud immunity
a: no special abilities


You were on level 4 of the Dungeon.
You were not hungry.
You were a tree.
You visited 1 branch of the dungeon, and saw 4 of its levels.
You also visited: Sewer.

You collected 228 gold pieces.

Inventory:

Hand Weapons
 a - a +0 war axe (weapon)
Armour
 b - a +1 scale mail (melded)
 c - a +0 kite shield (worn)
 s - a +0 helmet (melded)
Wands
 n - a wand of digging (2)
Scrolls
 e - 3 scrolls of remove curse
 g - 5 scrolls of teleportation
 i - a scroll of immolation
 j - a scroll of random uselessness {unknown}
 p - a scroll of fear
 q - a scroll of magic mapping {unknown}
Potions
 k - a potion of stabbing
 l - a potion of flight
 o - 2 potions of haste {unknown}
Comestibles
 f - 6 rations
 r - a chunk of flesh


   Skills:
 + Level 3.8 Fighting
 * Level 5.8 Axes
 + Level 3.7 Armour
 + Level 1.2 Dodging
 + Level 0.3 Stealth
 + Level 3.8 Shields


You had 6 spell levels left.
You didn't know any spells.
Your spell library was empty.

Dungeon Overview and Level Annotations

Branches:
Dungeon (4/15)              Sewer (visited)
 Temple: D:4-7

Altars:
Dithmenos
Kikubaaqudgha
The Shining One

Annotations:
D:4 lysyklops's ghost, novice MiFi


Innate Abilities, Weirdness & Mutations

((You have sharp fingernails.))
((Your flesh is cold resistant. (rC+)))
A weak demonic guardian rushes to your aid.
You are immune to freezing clouds.


Message History

Lysyklops's ghost is almost destroyed.
You block lysyklops's ghost's attack.
You miss lysyklops's ghost.
Lysyklops's ghost is almost destroyed.
Lysyklops's ghost hits you but does no damage.
You closely miss lysyklops's ghost.
Lysyklops's ghost is almost destroyed.
Lysyklops's ghost hits you but does no damage.
Lysyklops's ghost hits you.
* * * LOW HITPOINT WARNING * * *
You completely miss lysyklops's ghost.
Lysyklops's ghost is almost destroyed.
Lysyklops's ghost hits you!
* * * LOW HITPOINT WARNING * * *
Okay, then.
You miss lysyklops's ghost.
Lysyklops's ghost is almost destroyed.
Your transformation is almost over.
Lysyklops's ghost hits you.
You die...

#. #...##.#......###......#
.###.##......#...#...........#
..................>..........#
#............#................#
#.#####..###.....##..###......#
.#.####÷.##⌠##....##..#
#......#
........##...##...##..#
#.######
.......##..!..##....<.# #.#
###....#⌠..♣...W♣.##..###.#
.......##..%..##..#.......#
###.#...##...##...#....##.#
#.#.#..##⌠##..#.#....##.#
#)#..#..###..........####
#$..............#.....
###..####............. #..
#.###.......#.# #.# #.#
#......##.#


You could see lysyklops's ghost.

Vanquished Creatures
  6 big kobolds (Sewer)
  A hound (D:4)
  Natasha (thrice) (D:3)
  Terence (D:2)
  3 adders
  2 oozes
  4 worms (Sewer)
  A dart slug (D:1)
  7 leopard geckos
  4 orcs (D:3)
  7 bats
  5 giant cockroaches
  6 goblins
  4 hobgoblins
  3 jackals (D:3)
  13 kobolds
  A quokka (D:3)
  7 ball pythons
  2 frilled lizards
  14 rats
94 creatures vanquished.

Notes
Turn   | Place    | Note
-------+----------+-------------------------------------------
     0 | D:1      | Clowwww the Demonspawn Fighter began the quest for the Orb.
     0 | D:1      | Reached XP level 1. HP: 18/18 MP: 1/1
   139 | D:1      | Gained mutation: Your flesh is cold resistant. (rC+)
                  | [demonic ancestry]
   139 | D:1      | Reached XP level 2. HP: 22/24 MP: 2/2
   265 | D:1      | Reached skill level 2 in Axes
   740 | D:2      | Reached XP level 3. HP: 29/29 MP: 3/3
   750 | D:2      | You fall into a shaft and drop 2 floors!
   812 | D:3      | Found a glowing golden altar of the Shining One.
   844 | D:3      | Found a glowing drain.
   868 | Sewer    | Entered a sewer
   885 | Sewer    | Noticed a big kobold
   905 | Sewer    | Killed a big kobold
   905 | Sewer    | Reached skill level 3 in Axes
   905 | Sewer    | Gained mutation: You are immune to freezing clouds.
                  | [demonic ancestry]
   905 | Sewer    | Reached XP level 4. HP: 25/35 MP: 4/4
  1114 | Sewer    | Noticed a big kobold
  1129 | Sewer    | Killed a big kobold
  1129 | Sewer    | Reached skill level 4 in Axes
  1129 | Sewer    | Reached XP level 5. HP: 19/41 MP: 5/5
  1572 | Sewer    | Gained mutation: You have sharp fingernails. [demonic
                  | ancestry]
  1572 | Sewer    | Reached XP level 6. HP: 22/47 MP: 6/6
  1575 | Sewer    | Reached skill level 1 in Dodging
  1865 | Sewer    | Reached skill level 5 in Axes
  2487 | D:3      | Noticed Natasha
  2494 | D:3      | Killed Natasha
  2494 | D:3      | Gained mutation: A weak demonic guardian rushes to your
                  | aid. [demonic ancestry]
  2494 | D:3      | Reached XP level 7. HP: 48/53 MP: 7/7
  2574 | D:2      | Noticed Terence
  2579 | D:2      | Killed Terence
  2705 | D:2      | You fall into a shaft and drop 2 floors!
  3230 | D:2      | Found a shadowy altar of Dithmenos.
  3230 | D:2      | Found an ancient bone altar of Kikubaaqudgha.
  3396 | D:3      | Noticed Natasha
  3403 | D:3      | Killed Natasha
  3410 | D:3      | Noticed Natasha
  3418 | D:3      | Killed Natasha
  4042 | D:4      | Found a runed translucent door.
  4042 | D:4      | Noticed lysyklops's ghost (novice MiFi)
  4103 | D:4      | HP: 2/79 [lysyklops's ghost (7)]
  4104 | D:4      | Slain by lysyklops's ghost

Illustrated notes

Levels and vault maps discovered:
D:1:      dpeg_arrival_pits, layout_rooms
D:2:      layout_basic, gammafunk_temple_overflow_elements, uniq_terence
D:3:      layout_loops_corners, tso_oasis_becter, gup_sewer_entry_pipe,
          dk_noncrumbling_3, minmay_pentangle, uniq_natasha
D:4:      layout_basic, hellmonk_ghost_happy_afterlife, first_ration,
          hangedman_abyss_or_decor_lesser_grid

Skill      XL: |  1  2  3  4  5  6 |
---------------+-------------------+-----
Shields        | 3 |  3.8
Axes           | 2 3 4 5 |  5.8
Armour         | 3 |  3.7
Dodging        | 1 |  1.2
Fighting       | |  3.8
Stealth        | |  0.3

Action                   |  1- 3 |  4- 6 |  7- 9 || total
-------------------------+-------+-------+-------++-------
Melee: War axe           |   103 |   168 |   133 ||   404
  Use: Scroll            |     6 |     1 |     4 ||    11
       Potion            |       |       |     3 ||     3
 Stab: Distracted        |       |       |     3 ||     3
  Eat: Chunk             |       |     4 |     4 ||     8
       Ration            |       |     1 |       ||     1
Armor: Scale mail        |    55 |    56 |    45 ||   156
       Skin              |       |       |     8 ||     8
Dodge: Dodged            |    38 |    42 |    22 ||   102
Block: Kite shield       |    47 |    73 |    47 ||   167
